Map: Central Protocol

Players

viOLet - Winner!

  • Race: Zerg Zerg

MarineLorD

  • Race: Terran Terran

Event: 2016 WCS Winter Circuit Championship

VOD

Have the link to the VOD?

Description

Time

  • Played on: March 3, 2016, 1:27 p.m.
  • Length: 13:05

All games in this series

Show
View Real Time Build Order
Export as new Build Order

viOLet Zerg - Winner!

Build Orders: Hatch First 

Get SALT Encoding   

  12  0:00  Drone  
  13  0:12  Overlord  
  13  0:17  Drone  
  14  0:30  Drone x2  
  14  0:35  Drone  
  17  0:53  Hatchery  
  17  0:55  Drone  
  17  0:58  Drone  
  18  1:09  Extractor  
  17  1:12  Spawning Pool  
  17  1:16  Drone  
  17  1:19  Drone  
  18  1:28  Drone  
  19  1:42  Overlord  
  19  1:51  Drone  
  20  1:59  Queen  
  22  2:02  Zergling x2  
  22  2:04  Queen  
  22  2:05  Zergling x2  
  26  2:14  Metabolic Boost  
  26  2:16  Drone x2  
  28  2:24  Drone  
  28  2:28  Drone  
  30  2:36  Queen  
  32  2:45  Queen  
  32  2:46  Overlord  
  32  2:48  Drone x2  
  36  2:52  Overlord  
  36  3:03  Roach Warren  
  36  3:04  Zergling x4  
  36  3:08  Zergling x2  
  36  3:11  Zergling x4  
  36  3:15  Zergling x2  
  37  3:20  Zergling x4  
  37  3:24  Zergling x4  
  41  3:32  Zergling x4  
  41  3:42  Drone x3  
  44  3:51  Roach  
  46  3:56  Roach x2  
  46  4:01  Overlord, Roach  
  51  4:05  Drone  
  51  4:08  Overlord  
  52  4:15  Overlord  
  51  4:21  Drone x3  
  54  4:27  Drone x2  
  56  4:33  Drone x2  
  56  4:37  Ravager x2  
  59  4:51  Hatchery, Drone  
  59  4:52  Drone  
  56  4:53  Drone  
  56  4:56  Drone x2  
  56  4:58  Drone x2  
  61  5:01  Drone x3  
  64  5:11  Roach x2  
  67  5:18  Drone  
  69  5:21  Drone  
  69  5:22  Drone  
  69  5:26  Drone x2  
  69  5:27  Lair  
  69  5:30  Extractor, Drone x4  
  69  5:31  Extractor  
  71  5:42  Drone x2  
  73  5:43  Overlord  
  73  5:49  Overlord  
  73  5:55  Drone x3, Evolution Chamber  
  73  5:56  Evolution Chamber, Extractor  
  73  6:00  Drone x2  
  73  6:01  Drone  
  73  6:03  Drone  
  77  6:07  Overlord x2  
  77  6:09  Drone  
  78  6:17  Drone x2  
  78  6:19  Drone  
  78  6:22  Roach x2  
  78  6:25  Zerg Missile Weapons Level 1, Roach x2  
  87  6:27  Zerg Ground Armor Level 1  
  87  6:31  Overlord  
  87  6:32  Overlord x2  
  87  6:35  Drone x2  
  87  6:36  Glial Reconstitution  
  87  6:38  Roach  
  91  6:44  Drone  
  91  6:45  Drone  
  93  6:47  Roach  
  93  6:48  Zergling x2, Roach  
  93  6:51  Roach x2  
  93  6:52  Overlord  
  102  6:58  Spore Crawler  
  102  6:59  Roach x2  
  105  7:01  Extractor  
  105  7:05  Overlord x2  
  105  7:06  Roach  
  105  7:07  Roach  
  108  7:10  Roach x2  
  112  7:16  Roach x2  
  112  7:18  Roach x2  
  112  7:21  Roach x4  
  128  7:29  Roach x4  
  136  7:34  Roach x3  
  141  7:45  Roach x3  
  147  7:52  Hatchery  
  147  7:55  Roach x2  
  147  7:58  Ravager x2  
  151  7:59  Overlord x4  
  151  8:07  Drone  
  151  8:08  Drone  
  151  8:09  Drone  
  150  8:21  Roach x2  
  150  8:24  Roach  
  138  8:27  Roach x7  
  138  8:28  Zerg Missile Weapons Level 2  
  138  8:33  Drone x2  
  148  8:34  Drone  
  148  8:35  Drone x2  
  148  8:37  Drone  
  148  8:40  Drone  
  148  8:41  Drone  
  134  8:43  Drone x3  
  134  8:46  Drone x3  
  134  8:48  Extractor  
  133  8:54  Zerg Ground Armor Level 2  
  133  8:55  Tunneling Claws  
  123  8:58  Burrow  
  123  8:59  Drone  
  123  9:01  Roach  
  126  9:03  Roach  
  126  9:04  Roach  
  126  9:05  Roach  
  128  9:10  Roach  
  124  9:19  Roach x2  
  124  9:24  Roach x7  
  140  9:26  Roach  
  132  9:34  Roach x2  
  129  9:41  Roach x6  
  129  9:45  Roach x3  
  142  9:49  Roach x2  
  146  9:53  Spore Crawler  
  146  9:54  Roach x2  
  146  9:55  Spine Crawler  
  146  9:58  Roach x4  
  146  9:59  Queen  
  158  10:03  Roach x2  
  158  10:06  Roach x2  
  166  10:10  Roach x8  
  166  10:11  Roach  
  174  10:16  Roach x3  
  180  10:22  Overlord, Roach x5  
  180  10:27  Extractor  
  180  10:28  Roach x17  
  181  10:36  Roach x3  
  181  10:39  Roach x2  
  181  10:40  Extractor  
  186  10:56  Roach x5  
  194  11:00  Ravager x5  
  197  11:04  Spore Crawler  
  197  11:05  Spore Crawler  
  195  11:19  Infestation Pit  
  195  11:25  Roach  
  188  11:27  Roach  
  188  11:29  Roach  
  188  11:30  Roach x2  
  188  11:32  Roach  
  165  11:34  Roach x2  
  165  11:36  Roach  
  165  11:37  Roach  
  165  11:39  Roach  
  151  11:40  Roach  
  151  11:43  Roach x2  
  151  11:44  Roach x6  
  151  11:45  Roach  
  151  11:46  Roach  
  153  11:49  Roach x2  
  146  11:54  Roach  
  146  11:57  Roach x3  
  141  12:04  Drone  
  141  12:05  Drone x4  
  144  12:14  Roach x4  
  150  12:19  Roach  
  150  12:20  Roach  
  150  12:22  Roach x5  
  144  12:30  Drone x4  
  144  12:35  Drone  
  144  12:36  Drone x2  
  145  12:40  Roach  
  145  12:43  Roach  
  137  12:45  Roach  
  137  12:46  Roach  
Show
View Real Time Build Order
Export as new Build Order

MarineLorD Terran 

Build Orders: MMM Bio 

Get SALT Encoding   

  12  0:00  SCV  
  13  0:13  SCV  
  14  0:17  Supply Depot  
  14  0:25  SCV  
  15  0:29  Refinery  
  15  0:39  SCV  
  16  0:44  Barracks  
  16  0:51  SCV  
  17  1:02  Barracks  
  17  1:07  SCV  
  18  1:19  SCV  
  18  1:24  Barracks  
  19  1:31  Reaper  
  20  1:40  Orbital Command  
  20  1:49  Reaper  
  20  1:52  Supply Depot  
  21  1:59  Refinery  
  21  2:03  Reaper  
  21  2:08  SCV  
  23  2:14  Reaper  
  24  2:20  SCV  
  25  2:24  Reaper  
  26  2:32  SCV  
  26  2:33  Supply Depot  
  27  2:38  Reaper  
  28  2:44  SCV  
  28  2:46  Reaper  
  30  2:56  SCV  
  30  2:57  Reaper  
  32  3:09  SCV  
  32  3:10  Reaper  
  34  3:18  Reaper  
  34  3:19  Command Center  
  35  3:21  Supply Depot  
  35  3:24  SCV  
  36  3:34  Reaper  
  36  3:36  SCV  
  38  3:42  Reaper  
  38  3:48  SCV  
  40  3:51  Barracks Tech Lab  
  40  3:53  Supply Depot  
  40  4:00  SCV  
  40  4:10  Barracks Reactor, Command Center  
  40  4:12  SCV  
  41  4:17  Stimpack  
  41  4:20  Marine  
  41  4:24  SCV  
  42  4:33  Orbital Command  
  42  4:36  SCV  
  42  4:48  SCV  
  39  4:57  Marine x2  
  39  4:58  Marine  
  41  5:00  SCV, Barracks Reactor  
  41  5:05  Orbital Command  
  42  5:09  Bunker  
  42  5:13  SCV  
  43  5:15  Marine x2  
  43  5:16  Marine  
  46  5:25  SCV  
  46  5:27  Orbital Command  
  47  5:29  Factory  
  47  5:31  SCV  
  47  5:32  Marine  
  47  5:33  Marine  
  50  5:37  SCV  
  50  5:39  Marine x3  
  54  5:43  SCV  
  54  5:45  Supply Depot  
  54  5:49  SCV  
  56  5:50  Marine  
  56  5:55  SCV  
  56  5:56  Engineering Bay  
  58  5:58  SCV  
  58  6:00  Engineering Bay  
  58  6:01  SCV  
  58  6:04  Marine x3  
  62  6:07  SCV, Marine  
  62  6:09  Marine  
  62  6:10  SCV  
  67  6:13  SCV  
  68  6:19  Factory Reactor, SCV, Starport  
  68  6:20  Combat Shields  
  68  6:21  Marine  
  68  6:22  Marine x2  
  68  6:25  SCV  
  73  6:28  Refinery x2  
  73  6:29  Supply Depot  
  73  6:31  Marine x2  
  75  6:34  Terran Infantry Armor Level 1, Terran Infantry Weapons Level 1  
  75  6:37  SCV  
  75  6:38  Supply Depot  
  75  6:39  Marine  
  77  6:40  Marine x2  
  77  6:45  SCV  
  80  6:49  SCV, Marine  
  80  6:53  Orbital Command  
  84  6:59  SCV  
  84  7:00  Barracks x2  
  85  7:01  SCV  
  85  7:02  Supply Depot  
  85  7:05  Factory Tech Lab  
  86  7:09  Marine x4  
  86  7:10  Medivac  
  86  7:11  SCV, Medivac  
  86  7:14  SCV  
  94  7:16  Marine  
  95  7:23  SCV  
  95  7:24  Siege Tank  
  95  7:25  SCV  
  95  7:26  SCV, Marine  
  95  7:27  Armory  
  95  7:29  Marine  
  103  7:33  Marine  
  103  7:35  SCV  
  106  7:37  SCV  
  106  7:38  SCV  
  106  7:39  Marine x2  
  106  7:41  Medivac x2, Concussive Shells  
  113  7:45  Marine  
  113  7:46  Marine  
  113  7:47  SCV  
  113  7:50  SCV  
  116  7:54  Supply Depot, SCV, Bunker  
  115  7:59  SCV, Marine  
  117  8:15  SCV x2, Marine x6  
  117  8:17  SCV, Marine  
  122  8:20  Medivac  
  122  8:21  Medivac  
  111  8:28  SCV x2  
  111  8:29  SCV  
  111  8:32  Siege Tank  
  111  8:33  Marine x6  
  118  8:34  Marine  
  118  8:40  SCV x2  
  104  8:41  SCV  
  97  8:50  Medivac  
  97  8:51  Medivac, Marine x6  
  97  8:52  SCV x2, Marine  
  97  8:54  SCV  
  103  9:04  SCV  
  103  9:09  Terran Infantry Weapons Level 2, Terran Infantry Armor Level 2, Marine x4  
  103  9:13  Liberator  
  103  9:14  Liberator  
  103  9:16  Marine  
  102  9:17  Marine  
  100  9:26  Marine  
  100  9:28  Barracks Tech Lab  
  100  9:29  Barracks Reactor  
  101  9:36  Marine x3  
  103  9:46  Refinery x2, Missile Turret  
  103  9:48  Supply Depot, Terran Vehicle Weapons Level 1  
  103  9:52  Marine  
  103  9:54  Factory, Marine x2  
  103  9:56  Marine x2  
  108  10:01  Marine  
  108  10:02  Supply Depot x2  
  109  10:09  Marine x2  
  109  10:10  Marine  
  109  10:11  Supply Depot  
  109  10:12  Marine x2  
  114  10:15  Marauder  
  114  10:17  Siege Tank  
  114  10:18  Marine  
  114  10:19  Marine  
  114  10:20  Missile Turret  
  121  10:28  Marine  
  122  10:31  Marine x2  
  124  10:36  Marauder, Marine x2  
  124  10:37  Missile Turret x2  
  124  10:38  Marauder  
  124  10:41  Marine  
  124  10:42  Factory Tech Lab  
  131  10:45  Marine  
  131  10:49  Siege Tank, Marine x2  
  137  10:54  Marine x2  
  134  10:57  Marauder  
  134  10:58  Marine  
  134  10:59  Marine  
  134  11:00  SCV x2  
  134  11:03  Marine  
  141  11:07  Marine x2  
  141  11:08  Command Center  
  141  11:10  Siege Tank  
  146  11:12  Marine x2  
  146  11:17  Marauder, Marine  
  149  11:18  Marine  
  149  11:21  Marine  
  149  11:25  Marine x2  
  148  11:30  Marine x2  
  132  11:35  Marine  
  132  11:37  Marauder  
  132  11:38  Marauder  
  132  11:39  Marine  
  112  11:43  Marine x2  
  103  11:47  Marine  
  103  11:48  Marine  
  103  11:52  Marine  
  99  11:57  Marine  
  99  11:58  Marauder  
  99  11:59  Marine  
  99  12:00  Marine  
  99  12:01  Marine  
  103  12:05  Marine x2  
  103  12:06  Siege Tank  
  106  12:10  Marine  
  106  12:15  Marine  
  99  12:17  Marauder  
  99  12:18  Marine x2  
  99  12:19  Marauder  
  99  12:20  Siege Tank  
  102  12:23  Marine x2  
  102  12:28  Marine  
  103  12:32  Marine  
  103  12:36  Marine x2  
  101  12:39  Marauder  
  101  12:41  Marauder, Marine x2  
  90  12:46  Marine  
Tags
 
Add a new tag
Caveats
  • Supply blocks, unpowered buildings, or Contaminate may cause inaccurate times.
  • Supply counts are checked every 10 seconds.